 Dungeon Crawl Stone Soup version 0.24.0-41-g2ae2f7f1be (webtiles) character file.

Game seed: 3666752234047948400, levelgen mode: deterministic

1757 Delamore the Cleaver (level 9, -1/105 HPs)
             Began as a Hill Orc Fighter on Dec 14, 2019.
             Was a Believer of Okawaru.
             Slain by an orc warrior
             ... wielding a +0 flail
              (19 damage)
             ... on level 5 of the Dungeon.
             The game lasted 00:07:42 (5791 turns).

Delamore the Cleaver (Hill Orc Fighter)             Turns: 5791, Time: 00:07:43

Health: -1/105     AC:  9    Str: 27      XL:     9   Next: 6%
Magic:  9/9        EV:  7    Int:  8      God:    Okawaru [**....]
Gold:   232        SH:  9    Dex:  8 (10) Spells: 8/8 levels left

rFire    . . .     SeeInvis +   n - +1 war axe of Etsiyl {freeze, SInv} (curse)
rCold    . . .     Gourm    .   c - +0 shield
rNeg     . . .     Faith    .   b - +0 scale mail
rPois    .         Spirit   .   (no helmet)
rElec    .         Reflect  .   (no cloak)
rCorr    .         Harm     .   u - +0 pair of gloves
MR       .....                  x - +0 pair of boots
Stlth    ..........             (no amulet)
HPRegen  0.27/turn              y - ring of flight
MPRegen  0.11/turn              q - ring of see invisible

@: berserking, very quick
A: no striking features
a: Heroism, Renounce Religion, Evoke Flight


You were on level 5 of the Dungeon.
You worshipped Okawaru.
Okawaru was pleased with you.
You were very hungry.

You visited 1 branch of the dungeon, and saw 6 of its levels.
You also visited: Sewer.

You collected 307 gold pieces.
You spent 75 gold pieces at shops.

Inventory:

Hand Weapons
 a - a +0 war axe
 n - the cursed +1 war axe of Etsiyl (weapon) {freeze, SInv}
   (You found it on level 5 of the Dungeon)

   It has been specially enchanted to freeze those struck by it, causing extra
   injury to most foes and up to half again as much damage against particularly
   susceptible opponents.
   It can also slow down cold-blooded creatures.
   It lets you see invisible.
   It has a curse placed upon it.
Missiles
 w - 2 throwing nets (quivered)
Armour
 b - a +0 scale mail (worn)
 c - a +0 shield (worn)
 u - a +0 pair of gloves (worn)
 x - a +0 pair of boots (worn)
Jewellery
 o - an uncursed ring of magical power
 q - a ring of see invisible (right hand)
 y - a ring of flight (left hand)
Wands
 A - a wand of random effects (15)
 J - a wand of flame (18)
Scrolls
 e - 2 scrolls of fear
 g - 4 scrolls of enchant weapon {unknown}
 i - 9 scrolls of teleportation
 k - 7 scrolls of identify {unknown}
 t - a scroll of magic mapping {unknown}
 C - a scroll of noise {unknown}
 F - a scroll of silence {unknown}
 G - a scroll of amnesia {unknown}
 H - a scroll of remove curse
 I - a scroll of immolation {unknown}
 K - a scroll of random uselessness {unknown}
Potions
 d - 5 potions of might
 h - a potion of brilliance {unknown}
 j - 2 potions of mutation {unknown}
 l - 2 potions of lignification {unknown}
 m - 2 potions of heal wounds
 p - 2 potions of curing {unknown}
 r - a potion of invisibility {unknown}
 s - 4 potions of flight
 v - 2 potions of resistance {unknown}
 z - 2 potions of haste {unknown}
 D - a potion of ambrosia {unknown}
 E - a potion of agility
Comestibles
 f - 9 rations


   Skills:
 - Level 3.6 Fighting
 + Level 14.2 Axes
 - Level 3.2 Armour
 - Level 3.2 Shields


You had 8 spell levels left.
You didn't know any spells.
Your spell library was empty.

Dungeon Overview and Level Annotations

Branches:
Dungeon (6/15)             Temple (0/1) D:4           Sewer (visited)

Altars:
Gozag
Hepliaklqana
Makhleb
Okawaru
Sif Muna
Uskayaw
Xom

Shops:
D:5 !

Annotations:
D:6 1 transporter


Message History

You climb upwards.
There is a stone staircase leading down here.
A red film seems to cover your vision as you go berserk!
You feel yourself moving faster!
You feel mighty! You block the orc warrior's attack.
There are monsters nearby!
You slash the ogre! You freeze the ogre.
The ogre is heavily wounded.
You barely miss the orc warrior. You block the ogre's attack.
You block the orc warrior's attack.
You closely miss the ogre.
The ogre is heavily wounded.
You barely miss the orc warrior.
Your shield prevents you from hitting the ogre.
The ogre is heavily wounded.
Your shield and scale mail prevent you from hitting the orc warrior.
The ogre hits you with a +0 giant spiked club.
* * * LOW HITPOINT WARNING * * *
The orc warrior hits you with a +0 flail!!
You die...

####### ##......
############.......
##..........).......
##.......###.###.....
#.......##.....##....
#....o..#.8...8.#....
#...@...#.......#....
#...O......._........
#.......#.......#....
##...∩..#.8...8.#....
##.....##.....##....
#########...#####.###.....
##...........##.##.........
##.<..........##.####.......
#..............#.# ##......


You could see an orc warrior and an ogre.

Vanquished Creatures
  A water moccasin (D:6)
  2 orc warriors (D:6)
  A sky beast (D:5)
  A black bear (D:6)
  2 ogres
  2 centaurs (D:6)
  A big kobold (Sewer)
  2 bullfrogs
  2 scorpions
  A howler monkey (D:4)
  3 crimson imps (D:6)
  A bullfrog zombie (D:6)
  A quasit (D:6)
  A hound (D:2)
  An orc priest (D:6)
  3 orc wizards
  Terence (D:3)
  A worker ant (D:5)
  Ijyb (D:4)
  A hound skeleton (D:5)
  5 adders
  4 river rats (Sewer)
  A shadow imp (D:5)
  2 oozes
  6 worms
  2 dart slugs
  5 leopard geckos
  10 orcs
  6 bats
  3 giant cockroaches
  2 goblins
  11 hobgoblins
  14 jackals
  7 kobolds
  4 quokkas
  A ball python (D:5)
  A ball python skeleton (D:4)
  3 frilled lizards (D:1)
  A leopard gecko skeleton (D:5)
  A leopard gecko zombie (D:6)
  A quokka skeleton (D:4)
  7 rats
126 creatures vanquished.

Notes
Turn   | Place    | Note
-------+----------+-------------------------------------------
     0 | D:1      | Delamore the Hill Orc Fighter began the quest for the Orb.
     0 | D:1      | Reached XP level 1. HP: 19/19 MP: 1/1
    85 | D:1      | Reached skill level 3 in Axes
   127 | D:1      | Reached XP level 2. HP: 24/26 MP: 2/2
   296 | D:1      | Reached skill level 4 in Axes
   577 | D:1      | Reached XP level 3. HP: 19/31 MP: 3/3
   809 | D:2      | Found a burning altar of Makhleb.
   820 | D:2      | Reached skill level 5 in Axes
   820 | D:2      | Reached XP level 4. HP: 33/39 MP: 4/4
  1503 | D:3      | Reached skill level 6 in Axes
  1600 | D:3      | Noticed Terence
  1608 | D:3      | Killed Terence
  1608 | D:3      | Reached XP level 5. HP: 25/45 MP: 5/5
  1671 | D:3      | Found a glowing drain.
  1710 | Sewer    | Entered a sewer
  1721 | Sewer    | Reached skill level 7 in Axes
  2002 | Sewer    | Noticed a big kobold
  2028 | Sewer    | Killed a big kobold
  2028 | Sewer    | Reached skill level 8 in Axes
  2028 | Sewer    | Reached XP level 6. HP: 42/51 MP: 6/6
  2047 | Sewer    | Found a glowing silver altar of Zin.
  2412 | D:3      | Found a shimmering altar of Xom.
  2412 | D:3      | Found a hazy altar of Hepliaklqana.
  2413 | D:3      | Found a hide-covered altar of Uskayaw.
  2834 | D:4      | Found an iron altar of Okawaru.
  2853 | D:4      | Became a worshipper of Warmaster Okawaru
  3240 | D:4      | Reached skill level 9 in Axes
  3251 | D:4      | Found a staircase to the Ecumenical Temple.
  3611 | D:5      | Entered Level 5 of the Dungeon
  3617 | D:5      | Noticed Ijyb
  3696 | D:4      | Killed Ijyb
  3701 | D:4      | Reached XP level 7. HP: 7/57 MP: 7/7
  3965 | D:5      | Found Vufi's Distillery.
  3979 | D:5      | Bought a potion of berserk rage for 75 gold pieces
  3979 | D:5      | Found an opulent altar of Gozag.
  4005 | D:5      | Reached skill level 10 in Axes
  4293 | D:5      | Got a crude war axe
  4294 | D:5      | Identified the cursed +1 war axe of Etsiyl {freeze, SInv}
                  | (You found it on level 5 of the Dungeon)
  4307 | D:5      | Reached * piety under Okawaru
  4307 | D:5      | Reached skill level 11 in Axes
  4387 | D:5      | Reached XP level 8. HP: 53/64 MP: 8/8
  4578 | D:5      | Found a shimmering blue altar of Sif Muna.
  4630 | D:6      | Reached skill level 12 in Axes
  4914 | D:6      | Reached ** piety under Okawaru
  5101 | D:6      | Reached skill level 13 in Axes
  5652 | D:6      | Found a transporter.
  5673 | D:6      | Reached XP level 9. HP: 62/70 MP: 9/9
  5689 | D:6      | Reached skill level 14 in Axes
  5791 | D:5      | Slain by an orc warrior

Levels and vault maps discovered:
D:1:      evilmike_arrival_rings, layout_loops_cross
D:2:      layout_loops_ring, makhleb_heckhound_becter
D:3:      layout_loops_ring, gammafunk_temple_overflow_forgotten,
          cheibrodos_sewer_entry_drain, uniq_terence
D:4:      layout_cave_pools, minmay_temple_entry_junction, first_ration,
          okawaru_metal_pillars_1_2
D:5:      layout_rooms, led_sif_pool, grunt_gozag_statues, serial_shops, shop,
          uniq_ijyb
D:6:      hangedman_cross_stitches, layout_gridville, serial_shops,
          nicolae_shop_trees, gammafunk_ghost_mausoleum

Skill      XL: |  1  2  3  4  5  6  7  8  9 |
---------------+----------------------------+-----
Axes           | 3 4 5 6 8 9 11 13 14 | 14.2
Fighting       | |  3.6
Armour         | |  3.2
Shields        | |  3.2

Action                   |  1- 3 |  4- 6 |  7- 9 || total
-------------------------+-------+-------+-------++-------
Melee: War axe           |    69 |   218 |   148 ||   435
  Use: Scroll            |       |     3 |     1 ||     4
       Potion            |       |     2 |     1 ||     3
  Eat: Chunk             |       |     9 |     6 ||    15
Armor: Scale mail        |    30 |    77 |    88 ||   195
Dodge: Dodged            |    18 |    68 |    41 ||   127
Block: Shield            |    42 |   108 |    76 ||   226
